 Dungeon Crawl Stone Soup version 0.24.0-1-gfbc8707 (webtiles) character file.

Game seed: 8259424537432937837, levelgen mode: deterministic

116706 bonscott the Martial Artist (level 16, -8/127 HPs)
             Began as a Gnoll Warper on Nov 4, 2019.
             Was a High Priest of Cheibriados.
             Killed from afar by Aizul (11 damage)
             ... with a bolt of poison
             ... on level 3 of the Swamp on Nov 10, 2019.
             The game lasted 03:37:52 (31628 turns).

bonscott the Martial Artist (Gnoll Warper)         Turns: 31628, Time: 03:37:54

Health: -8/127     AC: 17    Str: 30    XL:     16   Next: 72%
Magic:  26/31      EV: 28    Int: 33    God:    Cheibriados [*****.]
Gold:   1517       SH: 17    Dex: 35    Spells: 1/38 levels left

rFire    . . .     SeeInvis .   Q - +6 trident (flame)
rCold    . . .     Gourm    .   s - +2 shield
rNeg     . . .     Faith    .   L - +0 swamp dragon scales
rPois    +         Spirit   .   P - +1 hat {MR+}
rElec    .         Reflect  .   z - +1 cloak
rCorr    .         Harm     .   J - +2 pair of gloves
MR       ++...                  (no boots)
Stlth    +++.......             V - amulet of magic regeneration
HPRegen  0.31/turn              X - +5 ring of dexterity
MPRegen  0.47/turn              S - +3 ring of evasion

@: studying Unarmed Combat, very slow
A: distributed training, fangs 1, strong nose
a: Bend Time, Temporal Distortion, Slouch, Step From Time, Renounce Religion


You were on level 3 of the Swamp.
You worshipped Cheibriados.
Cheibriados was extremely pleased with you.
You were hungry.

You visited 6 branches of the dungeon, and saw 27 of its levels.

You collected 2388 gold pieces.
You spent 871 gold pieces at shops.

Inventory:

Hand Weapons
 a - the +5 fustibalus of the Fox {venom, rElec Str+6 Stlth-}
   (You found it on level 5 of the Lair of Beasts)

   It poisons the ammo it fires.
   It affects your strength (+6).
   It insulates you from electricity.
   It makes you less stealthy.
 c - a +3 long sword of holy wrath
 n - a +4 vampiric dagger
 D - a +4 double sword of slicing
 Q - a +6 trident of flaming (weapon)
Missiles
 e - 5 boomerangs of dispersal
 g - 405 stones (quivered)
 j - 44 boomerangs
 l - 2 throwing nets
 m - 54 poisoned darts
 o - 8 atropa-tipped darts
 E - 65 sling bullets
 F - 28 curare-tipped darts
Armour
 s - a +2 shield (worn)
 z - a +1 cloak (worn)
 J - a +2 pair of gloves (worn)
 K - the +1 chain mail of Card Tricks {Regen+ MP+9 Str+2 Dex+4}
   (You found it on level 4 of the Lair of Beasts)

   It affects your strength (+2).
   It affects your dexterity (+4).
   It affects your magic capacity (+9).
   It increases your rate of regeneration.
 L - +0 swamp dragon scales (worn)
 P - a +1 hat of magic resistance (worn)
Jewellery
 S - a +3 ring of evasion (right hand)
 V - an amulet of magic regeneration (around neck)
 W - an uncursed ring of poison resistance
 X - a +5 ring of dexterity (left hand)
Wands
 t - a wand of disintegration (6)
 v - a wand of digging (13)
 B - a wand of iceblast (11)
 M - a wand of acid (6)
 Y - a wand of scattershot (4)
Scrolls
 d - 4 scrolls of blinking
 h - 8 scrolls of remove curse
 p - 4 scrolls of enchant weapon
 q - 3 scrolls of fear
 u - a scroll of fog
 y - 6 scrolls of amnesia
 C - 5 scrolls of teleportation
 N - 2 scrolls of magic mapping
 O - a scroll of holy word
Potions
 b - a potion of might
 i - 3 potions of ambrosia
 k - a potion of resistance
 r - 2 potions of agility
 x - 2 potions of cancellation
 A - a potion of flight
 G - 6 potions of curing
 H - 4 potions of magic
 R - 2 potions of heal wounds
 T - 6 potions of brilliance
 U - 2 potions of mutation
Books
 I - a manual of Unarmed Combat
Miscellaneous
 w - a lamp of fire
Comestibles
 f - 51 rations


   Skills:
 + Level 11.6 Fighting
 + Level 10.8 Short Blades
 + Level 11.6 Long Blades
 + Level 10.8 Axes
 + Level 10.8 Maces & Flails
 + Level 10.8 Polearms
 + Level 10.8 Staves
 + Level 10.8 Slings
 + Level 10.8 Bows
 + Level 10.8 Crossbows
 + Level 11.1 Throwing
 + Level 11.1 Armour
 + Level 11.6 Dodging
 + Level 10.8 Stealth
 + Level 10.8 Shields
 + Level 12.6 Unarmed Combat
 + Level 11.8 Spellcasting
 + Level 9.2 Conjurations
 + Level 9.2 Hexes
 + Level 9.2 Charms
 + Level 9.2 Summonings
 + Level 9.2 Necromancy
 + Level 10.6 Translocations
 + Level 9.2 Transmutations
 + Level 9.2 Fire Magic
 + Level 9.2 Ice Magic
 + Level 9.2 Air Magic
 + Level 9.2 Earth Magic
 + Level 9.2 Poison Magic
 + Level 11.7 Invocations
 + Level 10.8 Evocations


You had one spell level left.
You knew the following spells:

 Your Spells              Type           Power        Failure   Level  Hunger
b - Blink                 Tloc           N/A          1%          2    None
c - Mephitic Cloud        Conj/Pois/Air  ######..     1%          3    None
g - Gell's Gravitas       Tloc           ######....   1%          3    None
l - Lesser Beckoning      Tloc           ######....   1%          3    None
m - Summon Mana Viper     Hex/Summ       ######..     3%          5    #......
r - Olgreb's Toxic Radia  Pois           ######..     1%          4    None
s - Statue Form           Tmut/Erth      ######...    19%         6    ####...
t - Teleport Other        Tloc           ######..     1%          3    None
G - Shroud of Golubria    Chrm/Tloc      ######       1%          2    None
L - Summon Lightning Spi  Summ/Air       ######..     1%          4    None
P - Passwall              Tmut/Erth      ######..     1%          2    None

Your spell library contained the following spells:

 Spells                   Type           Power        Failure   Level  Hunger
 Confusing Touch          Hex            ######       1%          1    None
 Flame Tongue             Conj/Fire      #####        1%          1    None
 Magic Dart               Conj           ####         1%          1    None
 Sting                    Conj/Pois      ####         1%          1    None
 Call Imp                 Summ           ######..     1%          2    None
 Poisonous Vapours        Pois/Air       ######       1%          2    None
 Slow                     Hex            ######..     1%          2    None
 Throw Flame              Conj/Fire      ######       1%          2    None
 Confuse                  Hex            ######..     1%          3    None
 Conjure Flame            Conj/Fire      ######..     1%          3    None
 Inner Flame              Hex/Fire       ######..     1%          3    None
 Leda's Liquefaction      Hex/Erth       ######....   1%          4    None
 Passage of Golubria      Tloc           N/A          1%          4    None
 Petrify                  Tmut/Erth      ######..     1%          4    None
 Sticky Flame             Conj/Fire      ######..     1%          4    None
 Bolt of Magma            Conj/Fire/Erth ######....   3%          5    #......
 Fireball                 Conj/Fire      ######....   3%          5    #......
 Metabolic Englaciation   Hex/Ice        ######....   3%          5    #......
 Summon Demon             Summ           ######....   3%          5    #......
 Venom Bolt               Conj/Pois      ######....   3%          5    #......
 Yara's Violent Unravell  Hex/Tmut       ######....   3%          5    #......
 Iron Shot                Conj/Erth      ######....   19%         6    ####...
 Shatter                  Erth           ######....   100%        9    #######


Dungeon Overview and Level Annotations

Branches:
Dungeon (14/15)            Temple (1/1) D:5            Lair (6/6) D:8
  Swamp (3/4) Lair:4       Spider (1/4) Lair:4          Orc (2/2) D:10
    Elf (0/3) Orc:2        Vaults (0/5) D:13
  Slime: Lair:5-6

Altars:
Ashenzari
Cheibriados
Dithmenos
Elyvilon
Fedhas
Gozag
Hepliaklqana
Kikubaaqudgha
Makhleb
Nemelex Xobeh
Okawaru
Qazlal
Ru
Sif Muna
Trog
Uskayaw
Vehumet
Wu Jian
Xom
Yredelemnul
Zin
The Shining One
Beogh
Jiyva

Shops:
D:5 ?   D:14 }   Orc:1 [   Orc:2 (%*%

Annotations:
D:4 2 transporters, bonscott's ghost, novice GnWr
Lair:5 1 runed translucent door
Swamp:3 Aizul


Innate Abilities, Weirdness & Mutations

Your experience applies equally to all skills.
You have very sharp teeth.
Your uncanny sense of smell can sniff out nearby items.


Message History

The four-headed hydra completely misses you.
The four-headed hydra barely misses you.
Evoke which item? (* to show all) (? for menu, Esc to quit)
Okay, then.
Unknown command.
Okay, then.
Okay, then.
Your unstable footing causes you to fumble your attack.
Aizul coils herself and waves her upper body at you.
The bolt of poison misses you. The tyrant leech bites you!!
* * * LOW HITPOINT WARNING * * *
The tyrant leech draws strength from your injuries!
The four-headed hydra barely misses you.
The four-headed hydra bites you!
* * * LOW HITPOINT WARNING * * *
The four-headed hydra completely misses you.
You block the four-headed hydra's attack.
Aizul casts a spell at you. The bolt of poison hits you! You resist.
You die...

#..≈≈≈≈..§≈≈
..≈≈≈....≈≈
###...≈/≈>.≈≈
#.#.....≈..≈≈
#...≈≈≈.....≈
.!#.#...≈≈≈...≈
......Ww≈≈≈≈≈≈.
#....)S@≈≈≈....
...#..D.≈≈..≈♣♣
#...♣♣≈.≈♣♣♣♣
#.. ♣♣♣♣♣ ...
.. $


You could see Aizul, a four-headed hydra, a tyrant leech and a shadow.

Vanquished Creatures
  Gastronok (Lair:2)
  2 orc warlords
  An emperor scorpion (Lair:4)
  An ettin (Orc:2)
  A yaktaur captain (D:13)
  11 hydras
  A ghost crab (Swamp:2)
  2 catoblepae
  2 shambling mangroves (Swamp:2)
  Erica (D:8)
  4 two-headed ogres
  A merfolk avatar (Lair:6)
  3 alligators
  A centaur warrior (D:13)
  4 orc high priests (Orc:2)
  A death yak (D:8)
  A queen ant (Lair:3)
  Nergalle (Lair:2)
  5 skeletal warriors (D:14)
  Sonja (Lair:4)
  A fire crab (Lair:4)
  A spriggan druid (Swamp:1)
  2 harpies (Lair:6)
  A lindwurm (Lair:6)
  A swamp dragon (Swamp:2)
  Pikel (D:8)
  An ugly thing (D:11)
  4 orc knights
  3 oklob plants (Lair:2)
  A wolf spider zombie (D:12)
  2 orb spiders (Spider:1)
  2 cyclopes
  A salamander (Lair:3)
  9 orc sorcerers
  A deep elf mage (D:12)
  7 wolf spiders
  2 manticores
  10 elephants
  Maurice (D:8)
  A black mamba (Lair:4)
  A centaur zombie (D:14)
  9 spiny frogs
  A torpor snail (Lair:2)
  3 kobold demonologists (D:12)
  2 yaktaurs (D:13)
  A rime drake (Lair:6)
  8 komodo dragons
  5 trolls
  3 meliai (D:14)
  4 polar bears
  A harpy zombie (D:11)
  7 tyrant leeches
  8 hornets
  5 jumping spiders
  A wind drake (Lair:6)
  9 hippogriffs
  37 blink frogs
  11 dream sheep
  A bog body (Swamp:2)
  A slime creature (Lair:1)
  A shadow (Swamp:2)
  12 redbacks
  5 spriggans
  10 tarantellas
  A wraith (D:12)
  5 wyverns
  43 yaks
  4 basilisks
  3 hungry ghosts
  A steam dragon (D:10)
  16 vampire mosquitoes
  4 wargs
  A two-headed ogre zombie (D:10)
  10 insubstantial wisps (Swamp:2)
  3 swamp worms
  Duvessa (D:7)
  6 soldier ants (Lair:3)
  2 sky beasts
  10 water moccasins
  7 porcupines
  7 swamp drakes
  6 ice beasts
  A black bear (D:12)
  51 orc warriors
  2 slaves (D:8)
  20 ogres
  A necrophage (D:9)
  4 phantoms
  18 wolves
  14 centaurs
  14 crocodiles
  5 big kobolds
  14 bullfrogs
  3 gnoll sergeants
  A wyvern zombie (D:12)
  Dowan (D:7)
  A water moccasin skeleton (D:8)
  4 scorpions
  10 wights (D:6)
  20 killer bees
  6 howler monkeys
  2 electric eels (D:11)
  7 crimson imps
  2 quasits (D:9)
  3 bullfrog zombies
  14 jellies
  37 orc priests
  8 centaur skeletons
  10 hounds
  3 bullfrog skeletons
  30 orc wizards
  An iguana (D:8)
  32 worker ants
  A bullfrog simulacrum (D:11)
  2 centaur simulacra
  7 ogre zombies (D:10)
  A hound skeleton (D:6)
  16 gnolls
  A worker ant zombie (D:11)
  11 adders
  3 shadow imps
  A white imp (D:11)
  13 oozes
  An adder skeleton (D:4)
  2 dart slugs (D:1)
  5 leopard geckos
  144 orcs
  7 giant cockroaches
  8 goblins
  6 hobgoblins
  5 jackals
  5 quokkas
  3 ball pythons
  6 bats
  8 frilled lizards
  2 goblin skeletons (D:10)
  2 goblin zombies (D:10)
  A hobgoblin skeleton (D:10)
  A hobgoblin zombie (D:10)
  15 kobolds
  2 leopard gecko skeletons
  An orc skeleton (D:10)
  17 orc zombies (D:10)
  8 rats
  A fungus (Lair:5)
  2 plants (Lair:2)
1020 creatures vanquished.

Vanquished Creatures (collateral kills)
  Roxanne (Swamp:1)
  A hydra (Swamp:1)
  An alligator (Swamp:1)
  A tyrant leech (Swamp:1)
4 creatures vanquished.

Vanquished Creatures (others)
  A basilisk (D:8)
  2 slaves (D:8)
  An orc wizard (Orc:1)
  A hobgoblin zombie (D:10)
  32 fungi
  27 plants
64 creatures vanquished.

Grand Total: 1088 creatures vanquished

Notes
Turn   | Place    | Note
-------+----------+-------------------------------------------
     0 | D:1      | bonscott the Gnoll Warper began the quest for the Orb.
     0 | D:1      | Reached XP level 1. HP: 20/20 MP: 6/6
   382 | D:1      | Reached XP level 2. HP: 24/26 MP: 7/7
   684 | D:1      | Reached XP level 3. HP: 29/31 MP: 9/9
   755 | D:1      | Reached skill level 5 in Spellcasting
  1331 | D:2      | Reached skill level 1 in Invocations
  1403 | D:2      | Reached skill level 1 in Short Blades
  1403 | D:2      | Reached skill level 1 in Axes
  1403 | D:2      | Reached skill level 1 in Maces & Flails
  1403 | D:2      | Reached skill level 1 in Polearms
  1403 | D:2      | Reached skill level 1 in Staves
  1403 | D:2      | Reached skill level 1 in Slings
  1403 | D:2      | Reached skill level 1 in Bows
  1403 | D:2      | Reached skill level 1 in Crossbows
  1403 | D:2      | Reached skill level 1 in Stealth
  1403 | D:2      | Reached skill level 1 in Shields
  1403 | D:2      | Reached skill level 1 in Unarmed Combat
  1403 | D:2      | Reached skill level 1 in Evocations
  1513 | D:2      | Reached XP level 4. HP: 34/38 MP: 11/11
  2134 | D:3      | Learned a level 2 spell: Blink
  2138 | D:3      | Learned a level 3 spell: Gell's Gravitas
  2142 | D:3      | Learned a level 3 spell: Lesser Beckoning
  2145 | D:3      | Learned a level 2 spell: Shroud of Golubria
  2149 | D:3      | Learned a level 3 spell: Teleport Other
  2190 | D:3      | Found a blossoming altar of Fedhas.
  2391 | D:3      | Reached skill level 1 in Conjurations
  2391 | D:3      | Reached skill level 1 in Hexes
  2391 | D:3      | Reached skill level 1 in Charms
  2391 | D:3      | Reached skill level 1 in Summonings
  2391 | D:3      | Reached skill level 1 in Necromancy
  2391 | D:3      | Reached skill level 1 in Transmutations
  2391 | D:3      | Reached skill level 1 in Fire Magic
  2391 | D:3      | Reached skill level 1 in Ice Magic
  2391 | D:3      | Reached skill level 1 in Air Magic
  2391 | D:3      | Reached skill level 1 in Earth Magic
  2391 | D:3      | Reached skill level 1 in Poison Magic
  2402 | D:3      | Found an iron altar of Okawaru.
  2673 | D:3      | Reached XP level 5. HP: 39/43 MP: 12/12
  3143 | D:4      | Reached XP level 6. HP: 49/50 MP: 7/13
  3182 | D:4      | Found a sparkling altar of Nemelex Xobeh.
  3182 | D:4      | Found an opulent altar of Gozag.
  3390 | D:4      | Found a glowing silver altar of Zin.
  3439 | D:4      | Found a bloodstained altar of Trog.
  3613 | D:4      | Noticed bonscott's ghost (novice GnWr)
  3614 | D:4      | Found a transporter.
  3632 | D:4      | Reached skill level 5 in Fighting
  3632 | D:4      | Reached skill level 5 in Long Blades
  3632 | D:4      | Reached skill level 5 in Dodging
  3632 | D:4      | Reached skill level 2 in Unarmed Combat
  3668 | D:4      | Found a transporter.
  3870 | D:4      | You fall into a shaft and drop 3 floors!
  3994 | D:7      | Reached XP level 7. HP: 29/56 MP: 15/15
  4305 | D:7      | Got an encrusted plate armour
  4635 | D:7      | Noticed a hippogriff
  4652 | D:7      | Killed a hippogriff
  4652 | D:7      | Reached XP level 8. HP: 3/63 MP: 16/16
  4654 | D:7      | HP: 2/63 [hound (2)]
  5028 | D:7      | Noticed Dowan
  5030 | D:7      | Noticed Duvessa
  5046 | D:7      | Killed Duvessa
  5046 | D:7      | Reached skill level 3 in Unarmed Combat
  5051 | D:7      | Killed Dowan
  5334 | D:7      | Identified the cursed +1 plate armour of the Manifold
                  | Curses {rC+ Str+4 Dex-3} (You found it on level 7 of the
                  | Dungeon)
  5609 | D:8      | Noticed Maurice
  5641 | D:8      | Killed Maurice
  5641 | D:8      | Reached XP level 9. HP: 23/69 MP: 18/18
  6299 | D:8      | Found a shadowy altar of Dithmenos.
  6299 | D:8      | Found a glowing golden altar of the Shining One.
  6412 | D:8      | Reached skill level 4 in Unarmed Combat
  6781 | D:8      | Noticed Pikel
  6847 | D:8      | Killed Pikel
  6847 | D:8      | Reached skill level 5 in Throwing
  6847 | D:8      | Reached skill level 5 in Armour
  7107 | D:8      | Noticed an elephant
  7113 | D:8      | Noticed a death yak
  7117 | D:8      | Reached skill level 5 in Invocations
  7591 | D:6      | Found a radiant altar of Vehumet.
  7653 | D:6      | Reached XP level 10. HP: 77/77 MP: 20/20
  7916 | D:6      | Found a hazy altar of Hepliaklqana.
  7917 | D:6      | Found a shimmering altar of Xom.
  7918 | D:6      | Noticed a spectral ugly thing
  8371 | D:5      | Entered Level 5 of the Dungeon
  8375 | D:5      | Found a staircase to the Ecumenical Temple.
  8385 | Temple   | Entered the Ecumenical Temple
  8446 | Temple   | Became a worshipper of Cheibriados the Contemplative
  8473 | D:5      | Reached skill level 5 in Short Blades
  8473 | D:5      | Reached skill level 5 in Axes
  8473 | D:5      | Reached skill level 5 in Maces & Flails
  8473 | D:5      | Reached skill level 5 in Polearms
  8473 | D:5      | Reached skill level 5 in Staves
  8473 | D:5      | Reached skill level 5 in Slings
  8473 | D:5      | Reached skill level 5 in Bows
  8473 | D:5      | Reached skill level 5 in Crossbows
  8473 | D:5      | Reached skill level 5 in Stealth
  8473 | D:5      | Reached skill level 5 in Shields
  8473 | D:5      | Reached skill level 5 in Unarmed Combat
  8473 | D:5      | Reached skill level 5 in Evocations
  8586 | D:5      | Learned a level 4 spell: Olgreb's Toxic Radiance
  8614 | D:5      | Found Suasiyw's Magic Scroll Emporium.
  8627 | D:5      | Bought a scroll of teleportation for 39 gold pieces
  8627 | D:5      | Bought a scroll of identify for 26 gold pieces
  8898 | D:5      | Found a burning altar of Makhleb.
  8946 | D:5      | Reached * piety under Cheibriados
  9373 | D:8      | Noticed Erica
  9389 | D:8      | Killed Erica
  9803 | D:8      | Killed an elephant
 10012 | D:8      | Killed a death yak
 10012 | D:8      | Reached XP level 11. HP: 33/84 MP: 13/22
 10233 | D:8      | Found a staircase to the Lair.
 10662 | D:8      | Learned a level 3 spell: Mephitic Cloud
 10742 | D:9      | Reached ** piety under Cheibriados
 10852 | D:9      | Found a sacrificial altar of Ru.
 11188 | D:9      | Reached skill level 6 in Unarmed Combat
 11326 | D:10     | Entered Level 10 of the Dungeon
 11329 | D:10     | Found a white marble altar of Elyvilon.
 11353 | D:10     | Reached *** piety under Cheibriados
 11355 | D:10     | Reached skill level 5 in Conjurations
 11355 | D:10     | Reached skill level 5 in Hexes
 11355 | D:10     | Reached skill level 5 in Charms
 11355 | D:10     | Reached skill level 5 in Summonings
 11355 | D:10     | Reached skill level 5 in Necromancy
 11355 | D:10     | Reached skill level 5 in Transmutations
 11355 | D:10     | Reached skill level 5 in Fire Magic
 11355 | D:10     | Reached skill level 5 in Ice Magic
 11355 | D:10     | Reached skill level 5 in Air Magic
 11355 | D:10     | Reached skill level 5 in Earth Magic
 11355 | D:10     | Reached skill level 5 in Poison Magic
 11577 | D:10     | Found a staircase to the Orcish Mines.
 11658 | D:10     | Reached **** piety under Cheibriados
 12908 | D:11     | Got a spiked ring mail
 12920 | D:11     | Identified the cursed +0 ring mail "Jaediak" {rPois} (You
                  | found it on level 11 of the Dungeon)
 13002 | D:11     | Reached ***** piety under Cheibriados
 13040 | D:11     | Found a sparkling altar of Nemelex Xobeh.
 13078 | D:11     | Noticed a two-headed ogre
 13113 | D:11     | Noticed a green ugly thing
 13142 | D:11     | Killed a green ugly thing
 13448 | D:11     | Reached XP level 12. HP: 91/93 MP: 24/24
 14032 | D:12     | Noticed a two-headed ogre
 14034 | D:12     | Reached skill level 7 in Unarmed Combat
 14038 | D:12     | Killed a two-headed ogre
 14346 | D:12     | Found a roughly hewn altar of Beogh.
 15090 | D:13     | Reached ****** piety under Cheibriados
 15220 | D:13     | Noticed a centaur warrior
 15227 | D:13     | Killed a centaur warrior
 15322 | D:13     | Noticed a yaktaur captain
 15917 | D:13     | Killed a yaktaur captain
 15917 | D:13     | Reached XP level 13. HP: 83/101 MP: 23/26
 16056 | D:13     | Found a gate to the Vaults.
 16892 | Orc:1    | Entered Level 1 of the Orcish Mines
 17026 | Orc:1    | Noticed an orc warlord
 17100 | D:10     | Killed an orc warlord
 17100 | D:10     | Reached skill level 8 in Unarmed Combat
 17572 | Orc:1    | Found a roughly hewn altar of Beogh.
 17892 | Orc:1    | Found Gontoh's Antique Armour Emporium.
 18019 | Orc:2    | Entered Level 2 of the Orcish Mines
 18559 | Orc:2    | Found a staircase to the Elven Halls.
 18789 | Orc:2    | Found Qeomuk's Food Shoppe.
 18947 | Orc:2    | Noticed an orc warlord
 18988 | Orc:2    | HP: 5/102 [orc knight/cursed -3 halberd (6)]
 19010 | Orc:2    | Reached skill level 10 in Spellcasting
 19545 | Orc:2    | Reached XP level 14. HP: 109/109 MP: 28/28
 19618 | Orc:2    | Found a roughly hewn altar of Beogh.
 19661 | Orc:2    | Killed an orc warlord
 19661 | Orc:2    | Reached skill level 9 in Unarmed Combat
 19961 | Orc:2    | Found Rat Exko's Weapon Boutique.
 20184 | Orc:2    | Found Xulixt's Food Boutique.
 20474 | Orc:2    | Reached skill level 10 in Fighting
 20474 | Orc:2    | Reached skill level 10 in Long Blades
 20474 | Orc:2    | Reached skill level 10 in Dodging
 20556 | Orc:2    | Found a roughly hewn altar of Beogh.
 20678 | Orc:2    | Found Deutul's General Store.
 20699 | Orc:2    | Bought a scroll of teleportation for 45 gold pieces
 20699 | Orc:2    | Bought a potion of heal wounds for 75 gold pieces
 20828 | Orc:2    | Bought the +6 shillelagh "Devastator" {shatter} for 660
                  | gold pieces
 20828 | Orc:2    | Found the +6 shillelagh "Devastator" {shatter}
 21055 | Lair:1   | Entered Level 1 of the Lair of Beasts
 22027 | Lair:2   | Noticed Nergalle
 22071 | Lair:2   | Killed Nergalle
 22071 | Lair:2   | Reached skill level 10 in Invocations
 22188 | Lair:2   | Noticed Gastronok
 22214 | Lair:2   | Killed Gastronok
 22398 | Lair:2   | Reached skill level 10 in Unarmed Combat
 24116 | Lair:4   | Noticed Sonja
 24120 | Lair:4   | Killed Sonja
 24125 | Lair:4   | Reached XP level 15. HP: 74/117 MP: 29/29
 24316 | Lair:4   | Found a staircase to the Swamp.
 24381 | Lair:4   | Identified the cursed +1 chain mail of Card Tricks {Regen+
                  | MP+9 Str+2 Dex+4} (You found it on level 4 of the Lair of
                  | Beasts)
 24402 | Lair:4   | Found a hole to the Spider Nest.
 24470 | Lair:4   | Reached skill level 10 in Throwing
 24470 | Lair:4   | Reached skill level 10 in Armour
 25112 | Lair:5   | Got a crystal fustibalus
 25121 | Lair:5   | Found a runed translucent door.
 25121 | Lair:5   | Found a viscous altar of Jiyva.
 25123 | Lair:5   | Noticed an azure jelly
 25268 | Lair:5   | Noticed an azure jelly
 25410 | Lair:5   | Identified the +5 fustibalus of the Fox {venom, rElec Str+6
                  | Stlth-} (You found it on level 5 of the Lair of Beasts)
 25469 | Lair:5   | Found a sparkling altar of Nemelex Xobeh.
 25731 | Lair:6   | Entered Level 6 of the Lair of Beasts
 25841 | Lair:6   | Reached skill level 11 in Unarmed Combat
 25914 | Lair:6   | Reached skill level 10 in Translocations
 26062 | Lair:6   | Reached skill level 10 in Short Blades
 26062 | Lair:6   | Reached skill level 10 in Axes
 26062 | Lair:6   | Reached skill level 10 in Maces & Flails
 26062 | Lair:6   | Reached skill level 10 in Polearms
 26062 | Lair:6   | Reached skill level 10 in Staves
 26062 | Lair:6   | Reached skill level 10 in Slings
 26062 | Lair:6   | Reached skill level 10 in Bows
 26062 | Lair:6   | Reached skill level 10 in Crossbows
 26062 | Lair:6   | Reached skill level 10 in Stealth
 26062 | Lair:6   | Reached skill level 10 in Shields
 26062 | Lair:6   | Reached skill level 10 in Evocations
 26932 | Lair:6   | Identified the Collected Works on Creation and Earth
 26939 | Lair:6   | Learned a level 4 spell: Summon Lightning Spire
 27168 | Spider:1 | Entered Level 1 of the Spider Nest
 27515 | Lair:4   | Reached XP level 16. HP: 125/125 MP: 31/31
 27773 | Lair:4   | Reached skill level 12 in Unarmed Combat
 28097 | D:14     | Found a shimmering altar of Xom.
 28152 | D:14     | Found Efenon's Gadget Shoppe.
 29000 | D:5      | Bought a scroll of identify for 26 gold pieces
 29252 | Swamp:1  | Entered Level 1 of the Swamp
 29282 | Swamp:1  | Noticed Roxanne
 29980 | Swamp:1  | Learned a level 5 spell: Summon Mana Viper
 30042 | Swamp:1  | Killed Roxanne
 30228 | Swamp:2  | Learned a level 2 spell: Passwall
 30300 | Swamp:2  | Noticed a thorn hunter
 31030 | Swamp:2  | Learned a level 6 spell: Statue Form
 31613 | Swamp:3  | Noticed Aizul
 31628 | Swamp:3  | HP: 3/127 [four-headed hydra (9)]
 31628 | Swamp:3  | Killed from afar by Aizul

Levels and vault maps discovered:
D:1:      onia_arrival_mini_maze, layout_basic
D:2:      layout_basic
D:3:      layout_loops_corners, kennysheep_okawaru_gauntlet,
          fedhas_altar_fruit_tree, first_ration
D:4:      layout_loops_ring, grunt_temple_overflow_opulence, lemuel_round_altar,
          lemuel_doored_altar, gammafunk_ghost_smash
D:5:      layout_rooms, marbit_many_paths, minmay_temple_entry_mini_moons,
          serial_shops, shop
D:6:      layout_basic, regret_index_temple_of_mockery, fiery_altar_vehumet
D:7:      layout_basic, minivault_25, minmay_chambers_of_fives, uniq_duvessa
D:8:      layout_loops_corners, gammafunk_temple_overflow_elements,
          david_lair_generic, uniq_pikel, uniq_erica, uniq_maurice
D:9:      layout_basic, nicolae_ru_sacrificial_ziggurat
D:10:     layout_big_octagon, zombieorc2_lemuel, elyvilon_altar_4
D:11:     layout_roguey, basic_altar, serial_ice, serial_ice_k, serial_ice_m,
          serial_ice_d, serial_ice_b, the_bakery
D:12:     layout_roguey, special_room [special_room_orc],
          minmay_tree_intersection
D:13:     layout_cave_pods, david_vaults_2
D:14:     layout_grid_maze, serial_shops, shop, grunt_decor_resistance,
          basic_altar, grunt_ministairs_14
Temple:   jpeg_temple_island
Lair:1:   lemuel_slime, layout_gridlike, serial_bayou_shore_b
Lair:2:   layout_loops_ring, minmay_lair_oklob_chamber, grunt_megastairs_4,
          infiniplex_staircase_pool, uniq_nergalle, uniq_gastronok
Lair:3:   layout_gridlike, minmay_another_anthill
Lair:4:   layout_loops_ring, swamp_mist_pool, dummy_spider_entry, uniq_sonja
Lair:5:   layout_layer_cave, slime_altar_2, basic_altar, serial_bayou_pond_e
Lair:6:   gammafunk_lair_ancient_temple, layout_regular_city,
          chequers_serial_rivers_micro_d
Swamp:1:  layout_falls_marsh, nicolae_swamp_triple_paths, swamp_pool3,
          nicolae_swamp_round_clearing, nicolae_swamp_spriggan_camp,
          uniq_roxanne
Swamp:2:  layout_basic_swamp, hangedman_swamp_ruin_hall
Swamp:3:  layout_basic_swamp, evilmike_swamp_ruin_rubble_2, uniq_aizul
Spider:1: layout_spider_delve, ebering_ghost_rock_garden,
          portal_ice_cave_entry_pillars_four, uniq_josephine
Orc:1:    layout_caves, basic_altar, serial_shops, nicolae_shop_crystal,
          mines4_lemuel
Orc:2:    pubby_orc_utopia

Skill      XL: |  1  2  3  4  5  6  7  8  9 10 11 12 13 14 15 16 |
---------------+-------------------------------------------------+-----
Spellcasting   | 5 6 7 8 9 10 11 | 11.8
Invocations    | 1 2 3 4 5 6 7 8 9 10 11 | 11.7
Short Blades   | 1 2 3 4 5 6 7 8 9 10 | 10.8
Axes           | 1 2 3 4 5 6 7 8 9 10 | 10.8
Maces & Flails | 1 2 3 4 5 6 7 8 9 10 | 10.8
Polearms       | 1 2 3 4 5 6 7 8 9 10 | 10.8
Staves         | 1 2 3 4 5 6 7 8 9 10 | 10.8
Slings         | 1 2 3 4 5 6 7 8 9 10 | 10.8
Bows           | 1 2 3 4 5 6 7 8 9 10 | 10.8
Crossbows      | 1 2 3 4 5 6 7 8 9 10 | 10.8
Stealth        | 1 2 3 4 5 6 7 8 9 10 | 10.8
Shields        | 1 2 3 4 5 6 7 8 9 10 | 10.8
Unarmed Combat | 1 2 3 4 5 6 7 8 10 11 12 | 12.6
Evocations     | 1 2 3 4 5 6 7 8 9 10 | 10.8
Conjurations   | 1 2 3 4 5 6 7 8 9 |  9.2
Hexes          | 1 2 3 4 5 6 7 8 9 |  9.2
Charms         | 1 2 3 4 5 6 7 8 9 |  9.2
Summonings     | 1 2 3 4 5 6 7 8 9 |  9.2
Necromancy     | 1 2 3 4 5 6 7 8 9 |  9.2
Transmutations | 1 2 3 4 5 6 7 8 9 |  9.2
Fire Magic     | 1 2 3 4 5 6 7 8 9 |  9.2
Ice Magic      | 1 2 3 4 5 6 7 8 9 |  9.2
Air Magic      | 1 2 3 4 5 6 7 8 9 |  9.2
Earth Magic    | 1 2 3 4 5 6 7 8 9 |  9.2
Poison Magic   | 1 2 3 4 5 6 7 8 9 |  9.2
Throwing       | 3 4 5 6 7 8 9 10 11 | 11.1
Armour         | 3 4 5 6 7 8 9 10 11 | 11.1
Fighting       | 5 6 7 8 9 10 11 | 11.6
Long Blades    | 5 6 7 8 9 10 11 | 11.6
Dodging        | 5 6 7 8 9 10 11 | 11.6
Translocations | 6 7 8 9 10 | 10.6

Action                   |  1- 3 |  4- 6 |  7- 9 | 10-12 | 13-15 | 16-18 || total
-------------------------+-------+-------+-------+-------+-------+-------++-------
Melee: Falchion          |   112 |    55 |       |       |       |       ||   167
       Bite              |     7 |    28 |    41 |   156 |   303 |    94 ||   629
       Punch             |     1 |       |     3 |    13 |       |       ||    17
       Hand axe          |       |   126 |   246 |       |       |       ||   372
       Staff             |       |    21 |       |       |       |       ||    21
       Unarmed           |       |       |     2 |       |       |       ||     2
       Flail             |       |       |     5 |    88 |    10 |       ||   103
       Trident           |       |       |       |   671 |  1037 |   352 ||  2060
       Dagger            |       |       |       |       |   169 |    73 ||   242
       Shillelagh        |       |       |       |       |    88 |       ||    88
       Double sword      |       |       |       |       |    39 |    21 ||    60
 Fire: Fustibalus        |       |       |       |       |    23 |       ||    23
Throw: Boomerang         |       |     4 |    23 |    85 |    40 |    14 ||   166
       Dart              |       |       |     2 |    18 |    56 |     4 ||    80
       Stone             |       |       |    17 |   164 |   121 |     6 ||   308
       Throwing net      |       |       |       |       |     1 |     1 ||     2
 Cast: Shroud of Golubri |       |     5 |     9 |    27 |    12 |     4 ||    57
       Gell's Gravitas   |       |     2 |    14 |    47 |    51 |     8 ||   122
       Lesser Beckoning  |       |     2 |     1 |     2 |     1 |       ||     6
       Blink             |       |       |     2 |     1 |    19 |       ||    22
       Teleport Other    |       |       |     1 |     2 |       |       ||     3
       Olgreb's Toxic Ra |       |       |       |     5 |    10 |       ||    15
       Summon Mana Viper |       |       |       |       |       |     5 ||     5
       Summon Lightning  |       |       |       |       |       |     1 ||     1
Invok: Bend Time         |       |       |       |     3 |     4 |     2 ||     9
       Slouch            |       |       |       |     1 |     1 |    10 ||    12
Evoke: Wand              |       |       |       |    10 |     1 |       ||    11
       Lamp of fire      |       |       |       |     1 |       |       ||     1
       Box of beasts     |       |       |       |       |       |     1 ||     1
  Use: Scroll            |       |     3 |     7 |    14 |    21 |     4 ||    49
       Potion            |       |     2 |     4 |       |     3 |     4 ||    13
 Stab: Sleeping          |     2 |     3 |     6 |    15 |    37 |     1 ||    64
       Distracted        |       |       |     1 |       |     9 |     1 ||    11
       Held in net/web   |       |       |       |       |     1 |       ||     1
       Invisible         |       |       |       |       |     3 |     6 ||     9
       Confused          |       |       |       |       |       |     1 ||     1
  Eat: Chunk             |     2 |     9 |    12 |    19 |    22 |     6 ||    70
       Ration            |       |       |       |       |       |     1 ||     1
Armor: Leather armour    |    23 |    28 |    63 |   116 |    47 |       ||   277
       Skin              |       |       |       |       |    18 |       ||    18
       Chain mail        |       |       |       |       |   100 |    63 ||   163
       Swamp dragon scal |       |       |       |       |       |    14 ||    14
Dodge: Dodged            |    82 |   175 |   217 |   575 |   710 |   277 ||  2036
Block: Shield            |       |       |       |   210 |   936 |   352 ||  1498
       Rpst.: Falchion   |    30 |     5 |       |       |       |       ||    35
       Double sword      |       |       |       |       |    13 |     8 ||    21
